 Dungeon Crawl Stone Soup version 0.20-a0-296-gf222164 (webtiles) character file.

105 XO4YCPATb the Ogre Mage (level 4, 19/39 HPs)
             Began as an Ogre Wizard on Dec 14, 2016.
             Quit the game on level 3 of the Dungeon.
             The game lasted 00:08:11 (3852 turns).

XO4YCPATb the Ogre Mage (Ogre Wizard)               Turns: 3852, Time: 00:08:11

Health: 19/39      AC:  3    Str: 11    XL:     4   Next: 81%
Magic:  9/10       EV: 10    Int: 20    God:
Gold:   196        SH:  0    Dex:  7    Spells: 2/12 levels left

rFire  + . .     SeeInvis .     s - +0 spear
rCold  . . .     Gourm    .     a - +0 robe
rNeg   . . .     Faith    .     (no shield)
rPois  .         Spirit   .     b - +0 hat
rElec  .         Reflect  .     (no cloak)
rCorr  .         Harm     .     (gloves unavailable)
MR     .....                    (boots unavailable)
Stlth  +.........               (no amulet)
                                (no ring)
                                o - ring of protection from fire

@: no status effects
A: unfitting armour, tough skin 1
a: no special abilities


You were on level 3 of the Dungeon.
You were not hungry.

You visited 1 branch of the dungeon, and saw 3 of its levels.

You collected 196 gold pieces.

Inventory:

Hand Weapons
 s - a +0 spear (weapon)
Armour
 a - a +0 robe (worn)
 b - a +0 hat (worn)
Magical Staves
 m - an uncursed staff of energy
Jewellery
 o - a ring of protection from fire (left hand)
Wands
 e - a wand of polymorph (15/24)
 u - a wand of flame (25/48)
 v - a wand of lightning (1/15)
Scrolls
 g - a scroll of teleportation
 h - a scroll of blinking {unknown}
 j - a scroll of identify
 k - 3 scrolls of recharging
 l - a scroll of enchant armour {unknown}
 r - a scroll of remove curse
 w - a scroll of immolation {unknown}
Potions
 f - 2 potions of haste {unknown}
 i - a potion of agility
 n - a potion of lignification {unknown}
 p - a potion of invisibility {unknown}
Books
 c - a book of Minor Magic

   Spells                             Type                      Level
   a - Magic Dart                     Conjuration                  1
   b - Blink                          Translocation                2
   c - Call Imp                       Summoning                    2
   d - Repel Missiles                 Charms/Air                   2
   e - Slow                           Hexes                        2
   f - Conjure Flame                  Conjuration/Fire             3
   g - Mephitic Cloud                 Conjuration/Poison/Air       3
Comestibles
 d - 2 bread rations
 q - 2 meat rations
 t - 3 chunks of flesh


   Skills:
 - Level 0.4 Staves
 - Level 1.7 Dodging
 - Level 1.4 Stealth
 - Level 4.9 Spellcasting
 - Level 1.3 Conjurations
 - Level 1.2 Summonings
 - Level 1.2 Translocations
 + Level 1.1 Air Magic
 + Level 1.0 Poison Magic


You had 2 spell levels left.
You knew the following spells:

 Your Spells              Type           Power        Failure   Level  Hunger
a - Magic Dart            Conj           ##..         10%         1    None
b - Blink                 Tloc           N/A          12%         2    #......
c - Call Imp              Summ           ##......     12%         2    #......
d - Repel Missiles        Chrm/Air       #.....       17%         2    #......
e - Mephitic Cloud        Conj/Pois/Air  #.......     24%         3    ##.....


Dungeon Overview and Level Annotations

Branches:
Dungeon (3/15)

Altars:


Innate Abilities, Weirdness & Mutations

You are too large for most types of armour.
You have tough skin. (AC +1)


Message History

The magic dart hits the quokka.
The quokka is almost dead.
The quokka barely misses you.
The quokka bites you but does no damage.
The quokka bites you.
You barely miss the quokka.
The quokka is almost dead.
The quokka closely misses you.
You hit the quokka.
You kill the quokka!
Some of the chunks of flesh in your inventory have rotted away.
Unknown command.
No target in view!
You see here a quokka corpse.
You butcher the quokka corpse.
t - 3 chunks of flesh (gained 1) Are you sure you want to abandon this character and quit the game? (Confirm with "yes".)
Okay, then.
Unknown command.
Are you sure you want to abandon this character and quit the game? (Confirm with "yes".)

............................
####################.###...
.# #.## .. .# ###########..#
.# ...........#.# .#
...........#.# .#
...........#.# .#
...........#.. .#
.......@...##. .#
...........# .. .#
...........# #. .#
...........+ .# ........(..#
## ...........# ...........#
...........#


There were no monsters in sight!

Vanquished Creatures
  3 adders
  An ooze (D:1)
  A worm (D:2)
  A dart slug (D:1)
  A leopard gecko (D:2)
  4 bats
  2 giant cockroaches
  9 goblins
  8 hobgoblins
  6 jackals (D:2)
  A quokka (D:3)
  A frilled lizard (D:3)
  8 kobolds
  13 rats
59 creatures vanquished.

Vanquished Creatures (collateral kills)
  An adder (D:2)
  A worm (D:2)
2 creatures vanquished.

Grand Total: 61 creatures vanquished

Notes
Turn   | Place    | Note
-------+----------+-------------------------------------------
     0 | D:1      | XO4YCPATb the Ogre Wizard began the quest for the Orb.
     0 | D:1      | Reached XP level 1. HP: 16/16 MP: 5/5
    12 | D:1      | Reached skill level 1 in Conjurations
   232 | D:1      | Reached XP level 2. HP: 21/24 MP: 1/6
   317 | D:1      | Reached skill level 4 in Spellcasting
   384 | D:1      | Learned a level 2 spell: Blink
   387 | D:1      | Learned a level 2 spell: Call Imp
   390 | D:1      | Learned a level 2 spell: Repel Missiles
   600 | D:1      | Reached skill level 1 in Translocations
   979 | D:1      | Reached skill level 1 in Summonings
  1036 | D:1      | Reached XP level 3. HP: 31/31 MP: 0/8
  1482 | D:2      | Learned a level 3 spell: Mephitic Cloud
  2388 | D:2      | Reached XP level 4. HP: 19/39 MP: 1/10
  3293 | D:2      | Reached skill level 1 in Air Magic
  3625 | D:3      | Reached skill level 1 in Poison Magic
  3852 | D:3      | Quit the game

Vault maps used:
D:1:      tarquinn_simple_flora_water_f
D:2:      kennysheep_generic_room_8
D:3:      first_bread

Skill      XL: |  1  2  3  4 |
---------------+-------------+-----
Conjurations   | 1 |  1.3
Spellcasting   | 4 |  4.9
Translocations | 1 |  1.2
Summonings     | 1 |  1.2
Air Magic      | 1 |  1.1
Poison Magic   | 1 |  1.0
Staves         | |  0.4
Dodging        | |  1.7
Stealth        | |  1.4

Action                   |  1- 3 |  4- 6 || total
-------------------------+-------+-------++-------
Melee: Unarmed           |     9 |     1 ||    10
       Club              |    95 |       ||    95
       Staff             |       |    51 ||    51
       Spear             |       |    36 ||    36
 Cast: Magic Dart        |    61 |    29 ||    90
       Repel Missiles    |     1 |       ||     1
       Call Imp          |     5 |       ||     5
       Mephitic Cloud    |     2 |     4 ||     6
  Use: Potion            |     2 |       ||     2
       Scroll            |       |     4 ||     4
 Stab: Sleeping          |     1 |     1 ||     2
       Distracted        |       |     1 ||     1
  Eat: Chunk             |     5 |     5 ||    10
Armor: Robe              |    28 |    33 ||    61
Dodge: Dodged            |    60 |    50 ||   110
       Deflected         |     1 |       ||     1
